 Dungeon Crawl Stone Soup version 0.26-a0-854-gdc81c2f471 (webtiles) character file.

Game seed: 15834339818527923357

129325 pablito the Severer (level 17, -16/160 HPs)
             Began as a Hill Orc Monk on Nov 22, 2020.
             Was the Champion of Beogh.
             Demolished by a six-headed hydra (21 damage)
             ... on level 4 of the Swamp on Nov 23, 2020.
             The game lasted 02:25:11 (34575 turns).

pablito the Severer (Hill Orc Monk)                Turns: 34575, Time: 02:25:12

Health: -16/160    AC: 27    Str: 21    XL:     17   Next: 5%
Magic:  0/28       EV: 15    Int: 19    God:    Beogh [******]
Gold:   833        SH:  0    Dex: 13    Spells: 10/16 levels left

rFire    + + +     SeeInvis .   N - +8 battleaxe (drain)
rCold    + + +     Faith    .   (shield currently unavailable)
rNeg     . . .     Spirit   +   F - +5 scale mail of the Harvest {Harm Rampage rPois}
rPois    +         Reflect  .   M - +0 helmet of Lethargy {rF+ rC++ Int+3 Stlth+}
rElec    +         Harm     +   h - +2 cloak
rCorr    +         Rampage  +   P - +2 pair of gloves
MR       +....                  O - +2 pair of boots
Stlth    +.........             E - amulet of Judure Bail {Spirit Int+6}
HPRegen  0.36/turn              L - +4 ring of evasion
MPRegen  0.21/turn              m - ring of protection from fire

@: about to teleport, resistant
A: walk on water
a: Smiting, Recall Orcish Followers, Give Item to Named Follower, Resurrection,
Renounce Religion


You were on level 4 of the Swamp.
You worshipped Beogh.
Beogh was exalted by your worship.
You visited 4 branches of the dungeon, and saw 27 of its levels.
You also visited: Gauntlet and Volcano.

You collected 3034 gold pieces.
You spent 2201 gold pieces at shops.

Inventory:

Hand Weapons
 p - a +3 scimitar of flaming
 s - a +4 flail of protection
 H - a +1 mace of protection
 N - a +8 battleaxe of draining (weapon)
 X - a +4 spectral quarterstaff
Missiles
 f - 11 silver javelins (quivered)
Armour
 h - a +2 cloak (worn)
 x - a +1 tower shield
 y - a +3 chain mail of poison resistance
 z - the +1 robe of Bad Feelings {Rampage MR+ MP+9 Int+7}
   (You bought it in a shop on level 2 of the Orcish Mines)

   It affects your intelligence (+7).
   It affects your resistance to hostile enchantments.
   It affects your magic capacity (+9).
   It bestows one free step when moving towards enemies.
 D - a +3 ring mail of fire resistance
 F - the +5 scale mail of the Harvest (worn) {Harm Rampage rPois}
   (You found it on level 6 of the Dungeon)

   It protects you from poison.
   It increases damage dealt and taken.
   It bestows one free step when moving towards enemies.
 M - the +0 helmet of Lethargy (worn) {rF+ rC++ Int+3 Stlth+}
   (You bought it in a shop on level 2 of the Orcish Mines)

   It affects your intelligence (+3).
   It protects you from fire.
   It greatly protects you from cold.
   It makes you more stealthy.
 O - a +2 pair of boots (worn)
 P - a +2 pair of gloves (worn)
 V - +0 fire dragon scales
 W - a +2 buckler
Magical Staves
 I - an uncursed staff of conjuration
Jewellery
 e - an uncursed amulet of reflection
 m - a ring of protection from fire (right hand)
 C - an uncursed ring of see invisible
 E - the amulet of Judure Bail (around neck) {Spirit Int+6}
   (You acquired it on level 4 of the Lair of Beasts)

   [amulet of guardian spirit]

   It causes incoming damage to be split between your health and magic.
   It affects your intelligence (+6).
 L - a +4 ring of evasion (left hand)
Wands
 a - a wand of flame (36)
 d - a wand of polymorph (31)
 q - a wand of iceblast (16)
 v - a wand of acid (17)
 B - a wand of disintegration (18)
 J - a wand of digging (3)
 K - a wand of enslavement (16)
 Y - a wand of paralysis (33)
Scrolls
 c - a scroll of magic mapping
 g - 2 scrolls of amnesia
 i - 2 scrolls of fear
 j - 6 scrolls of teleportation
 n - 2 scrolls of fog
 r - 18 scrolls of remove curse
 u - a scroll of blinking
 Z - 8 scrolls of identify
Potions
 b - 3 potions of haste
 k - 13 potions of curing
 l - a potion of brilliance
 o - a potion of magic
 t - 4 potions of might
 w - 2 potions of attraction
 A - 2 potions of resistance
 G - a potion of berserk rage
 Q - 2 potions of cancellation
 R - 4 potions of flight
 U - a potion of mutation
Miscellaneous
 S - a phantom mirror


   Skills:
 + Level 16.9 Fighting
 * Level 20.4 Axes
 + Level 15.2 Armour
 - Level 2.4 Dodging
 - Level 1.5 Stealth
 - Level 4.0 Conjurations
 - Level 8.0 Earth Magic
 + Level 15.0 Invocations


You had 10 spell levels left.
You knew the following spells:

 Your Spells              Type           Power        Failure   Level
a - Magic Dart            Conj           ###.         8%          1
b - Lee's Rapid Deconstr  Erth           ####......   38%         5

Your spell library contained the following spells:

 Spells                   Type           Power        Failure   Level
 Sandblast                Erth           ####..       1%          1
 Stone Arrow              Conj/Erth      ###...       11%         3
 Passwall                 Tmut/Erth      ###.....     12%         2
 Searing Ray              Conj           ###...       12%         2
 Animate Skeleton         Necr           #.....       38%         1
 Freeze                   Ice            #...         38%         1
 Pain                     Necr           #...         38%         1
 Summon Small Mammal      Summ           #...         38%         1
 Conjure Flame            Conj/Fire      #.......     47%         3
 Dazzling Flash           Conj/Hex       #.....       47%         3
 Blink                    Tloc           N/A          52%         2
 Call Imp                 Summ           #.......     52%         2
 Slow                     Hex            #.......     52%         2
 Mephitic Cloud           Conj/Pois/Air  #.......     58%         3
 Petrify                  Tmut/Erth      ###.....     61%         4
 Call Canine Familiar     Summ           #.......     77%         3
 Frozen Ramparts          Ice            #.....       77%         3
 Ignite Poison            Fire/Tmut/Pois #.......     77%         3
 Ozocubu's Armour         Ice            #.......     77%         3
 Summon Guardian Golem    Hex/Summ       #.......     77%         3
 Vampiric Draining        Necr           #.........   77%         3
 Fulminant Prism          Conj/Hex       #.........   87%         4
 Hailstorm                Conj/Ice       #.......     87%         4
 Iskenderun's Mystic Bla  Conj/Tloc      #.......     87%         4
 Animate Dead             Necr           #.........   99%         4
 Summon Ice Beast         Ice/Summ       #.......     99%         4
 Summon Lightning Spire   Summ/Air       #.......     99%         4
 Fireball                 Conj/Fire      #.........   99%         5
 Agony                    Necr           #.......     100%        5
 Starburst                Conj/Fire      #.........   100%        6
 Ignition                 Fire           #.........   100%        8


Dungeon Overview and Level Annotations

Branches:
Dungeon (15/15)            Temple (0/1) D:4            Lair (6/6) D:11
  Swamp (4/4) Lair:4        Snake (0/4) Lair:2        Slime (0/5) Lair:5
    Orc (2/2) D:12            Elf (0/3) Orc:2        Vaults (0/5) D:14
 Depths (0/5) D:15        Volcano (visited)         Gauntlet (visited)

Altars:
Ashenzari
Cheibriados
Dithmenos
Elyvilon
Fedhas
Hepliaklqana
Kikubaaqudgha
Qazlal
Ru
Trog
Vehumet
Wu Jian
Xom
Yredelemnul
The Shining One
Beogh

Shops:
D:11 :   D:15 ?   Orc:2 *}[}*

Annotations:
Swamp:4 Bai Suzhen, Urug


Message History

The six-headed hydra is engulfed in spectral mist. x2
The six-headed hydra bites you.
* * * LOW HITPOINT WARNING * * *
The six-headed hydra barely misses you.
The six-headed hydra bites you but does no damage. x3
The six-headed hydra bites you!
* * * LOW HITPOINT WARNING * * *
The six-headed hydra is engulfed in spectral mist.
Things that are here:
a +2 demon trident; a +0 scale mail Really walk into that cloud of spectral mist?
Okay, then.
Okay, then.
As you read the scroll of teleportation, it crumbles to dust.
You feel strangely unstable.
The thorn hunter is engulfed in spectral mist.
Orgrim is engulfed in spectral mist.
The six-headed hydra is engulfed in spectral mist.
The six-headed hydra bites you!!
You die...

≈≈§ ≈≈ ≈.♣.≈ ≈≈≈ ≈.♣.♣#
≈.. ♣..≈≈ ≈.♣≈≈♣# ≈≈.
♣♣♣♣♣≈≈≈. ♣♣○♣≈≈♣# .≈≈
.≈♣≈≈≈§♣♣♣≈..≈.≈#♣ ♣.###
.≈≈≈§≈≈≈≈..≈°≈≈.♣#...≈#
♣.≈≈≈≈≈≈≈☼○@(D.D..♣♣.≈.
♣≈≈§≈≈≈≈≈≈☼☼DDd))†?≈.dD
♣≈.≈≈≈≈≈§≈☼☼f☼.☼≈≈≈≈≈≈§
♣≈≈≈<.≈≈P☼†(o○.o.P≈≈≈.≈
♣≈≈≈..≈.P...☼°.)..≈≈≈≈≈
♣§≈≈..♣♣PP≈.≈§.≈.≈≈≈≈≈..
♣.≈≈..♣≈PP≈(≈≈..≈.≈≈≈.≈≈
♣♣....♣♣PP.§≈..≈.♣♣♣♣♣≈≈
♣♣..≈♣♣♣P≈...§...♣ ..


You could see Bai Suzhen, a thorn hunter, 3 six-headed hydras, a swamp dragon,
the friendly Orgrim the orc warlord and the friendly Boruk the orc knight
(strong).

Vanquished Creatures
  Nessos (D:14)
  Azrael (D:14)
  A bunyip (Swamp:4)
  The ghost of Nyg Tys the Severer, a journeyman MiBe of Trog (D:12)
  4 eleionomae
  Fannar (Lair:2)
  5 hydras
  A ghost crab (Swamp:3)
  2 boulder beetles
  4 catoblepae
  A death knight (D:14)
  2 centaur warriors
  4 death yaks (Lair:6)
  4 alligators
  A queen ant (Lair:3)
  3 two-headed ogres
  An orc high priest (Orc:2)
  3 skeletal warriors
  3 unseen horrors
  4 goliath frogs
  A spriggan druid (Swamp:4)
  A flayed ghost (D:15)
  An obsidian statue (D:11)
  8 bog bodies
  A phantasmal warrior (D:14)
  3 swamp dragons
  2 orc knights
  A necromancer (D:15)
  A deep elf mage (D:13)
  4 manticores
  9 ugly things
  2 will-o-the-wisps (Swamp:3)
  4 orc sorcerers (Orc:2)
  2 cyclopes
  7 elephants (Lair:6)
  An ice statue (D:11)
  9 black mambas
  A centaur skeleton (D:12)
  Joseph (D:7)
  2 rime drakes
  8 cane toads
  4 komodo dragons
  A kobold demonologist (D:15)
  A merfolk (shapeshifter) (D:15)
  A tengu conjurer (D:15)
  4 trolls
  An elf skeleton (D:15)
  A polar bear (Lair:1)
  8 tyrant leeches
  5 hornets
  Grinder (D:3)
  5 blink frogs
  3 slime creatures (Lair:5)
  12 dream sheep
  4 spriggans
  A vampire (D:14)
  4 wyverns
  8 humans (D:14)
  38 yaks
  A basilisk (Lair:4)
  4 fire bats (Volcano)
  9 vampire mosquitoes
  9 water moccasins
  8 soldier ants
  4 nagas (Lair:2)
  4 hell hounds
  4 wargs
  8 swamp worms
  9 orc warriors
  A sky beast (D:6)
  10 swamp drakes
  An ice beast (D:5)
  13 ogres
  3 phantoms
  4 black bears
  3 wolves (Lair:4)
  9 centaurs
  2 big kobolds
  11 bullfrogs
  3 gnoll sergeants
  3 scorpions
  11 killer bees
  7 wights
  2 howler monkeys
  3 bullfrog zombies
  9 hounds
  4 lava snakes (Volcano)
  A quasit (D:10)
  2 centaur zombies
  A bullfrog skeleton (D:4)
  9 orc wizards
  3 orc priests
  Jessica (D:3)
  3 iguanas
  28 worker ants
  A hound zombie (D:8)
  4 hound skeletons
  2 worker ant zombies
  A howler monkey zombie (D:8)
  13 gnolls
  11 adders
  2 shadow imps
  2 white imps
  2 oozes
  2 adder zombies
  2 worms
  4 dart slugs
  12 leopard geckos
  13 orcs
  3 giant cockroaches
  11 goblins
  6 hobgoblins
  10 jackals
  5 quokkas
  A ball python (D:5)
  4 bats
  12 frilled lizards
  A jackal skeleton (D:7)
  26 kobolds
  A leopard gecko zombie (D:6)
  9 rats
  A spectral orc (D:6)
586 creatures vanquished.

Vanquished Creatures (collateral kills)
  Kirke (D:14)
  A thorn hunter (Swamp:3)
  An orc warlord (Swamp:2)
  3 bunyips
  The ghost of Kubamp the Thaumaturge, a journeyman DEAE of Sif Muna (Lair:3)
  An ice dragon (Swamp:4)
  8 hydras
  2 centaur warriors (D:14)
  4 boulder beetles
  A ghost crab (Swamp:4)
  3 two-headed ogres
  2 tengu warriors (D:15)
  An alligator (Swamp:1)
  2 death yaks (Lair:6)
  Urug (D:14)
  10 skeletal warriors
  2 spriggan druids (Swamp:1)
  2 bog bodies
  4 swamp dragons (Swamp:4)
  A goliath frog (Swamp:2)
  An obsidian statue (D:10)
  An orc knight (Orc:2)
  3 orc sorcerers
  2 manticores
  4 ugly things
  3 will-o-the-wisps
  A deep elf mage (D:15)
  2 cyclopes (D:14)
  An iron dragon skeleton (D:15)
  14 elephants (Lair:6)
  3 black mambas
  A spriggan zombie (D:15)
  2 centaur skeletons
  13 cane toads
  4 rime drakes
  A freezing wraith (D:14)
  4 komodo dragons
  3 trolls
  2 tengu conjurers
  2 polar bears
  A slime creature (Lair:5)
  2 hornets
  4 tyrant leeches
  A raiju (shapeshifter) (D:14)
  8 blink frogs
  An ice dragon zombie (D:15)
  9 dream sheep
  4 spriggans
  A wyvern (Lair:6)
  23 yaks
  A shadow (D:13)
  4 wraiths
  A basilisk (Lair:6)
  7 humans (D:14)
  2 fire elementals (D:14)
  3 vampire mosquitoes
  2 wargs (Orc:2)
  2 swamp worms (Swamp:1)
  An acid dragon (D:14)
  4 soldier ants (Lair:3)
  A naga (Lair:2)
  11 water moccasins
  A hell hound (D:14)
  2 ice beasts
  7 swamp drakes
  An eye of draining (D:12)
  6 orc warriors
  A black bear (D:13)
  4 ogres
  7 centaurs
  A wolf (Lair:4)
  2 big kobolds
  6 bullfrogs
  A gnoll sergeant (D:9)
  2 scorpions
  5 wights
  8 killer bees
  2 electric eels (Lair:6)
  3 centaur zombies
  A jelly (D:7)
  2 bullfrog zombies
  6 orc priests
  8 orc wizards
  14 worker ants
  A hound zombie (D:11)
  2 gnolls
  A shadow imp (D:7)
  A white imp (D:9)
  A leopard gecko (D:9)
  4 orcs
  2 quokkas
  3 kobolds
  A bush (Lair:6)
  A butterfly (Lair:5)
318 creatures vanquished.

Vanquished Creatures (others)
  Frances (Swamp:2)
  7 orc knights
  Urug (Swamp:4)
  4 orc sorcerers
  9 orc warriors
  A basilisk (Lair:6)
  A fire elemental (D:14)
  3 humans (D:14)
  A hell hound (D:14)
  10 orc priests
  28 orc wizards
  74 orcs
  A briar patch (Swamp:4)
  A bush (Lair:6)
  10 foxfires (Swamp:3)
  140 fungi
  152 plants
  9 withered plants (D:15)
453 creatures vanquished.

Grand Total: 1357 creatures vanquished

Notes
Turn   | Place    | Note
-------+----------+-------------------------------------------
     0 | D:1      | pablito the Hill Orc Monk began the quest for the Orb.
     0 | D:1      | Reached XP level 1. HP: 19/19 MP: 1/1
   300 | D:1      | Reached XP level 2. HP: 27/27 MP: 2/2
   366 | D:1      | Reached skill level 1 in Armour
   475 | D:1      | Reached XP level 3. HP: 29/33 MP: 3/3
  1553 | D:2      | Reached XP level 4. HP: 41/41 MP: 4/4
  1690 | D:2      | Reached skill level 5 in Axes
  1700 | D:2      | HP: 4/41 [poisoned by an adder]
  1703 | D:2      | HP: 1/41 [poisoned by an adder]
  1704 | D:2      | Reached skill level 9 in Axes
  1704 | D:2      | Reached XP level 5. HP: 1/57 MP: 5/5
  2349 | D:3      | Found a glowing golden altar of the Shining One.
  2349 | D:3      | Found a white marble altar of Elyvilon.
  2398 | D:3      | Noticed Grinder
  2411 | D:3      | Killed Grinder
  2412 | D:3      | Reached skill level 10 in Axes
  2412 | D:3      | Reached XP level 6. HP: 39/63 MP: 6/6
  2621 | D:3      | Found a snail-covered altar of Cheibriados.
  2624 | D:3      | Noticed Jessica
  2643 | D:3      | Killed Jessica
  3118 | D:4      | Found a staircase to the Ecumenical Temple.
  3328 | D:4      | Found a hazy altar of Hepliaklqana.
  3331 | D:4      | Learned a level 1 spell: Magic Dart
  3371 | D:4      | Reached XP level 7. HP: 48/70 MP: 7/7
  3572 | D:4      | Reached skill level 1 in Conjurations
  3845 | D:4      | Found a shimmering altar of Xom.
  3996 | D:5      | Entered Level 5 of the Dungeon
  4015 | D:5      | Found a sacrificial altar of Ru.
  4196 | D:5      | Found a shadowy altar of Dithmenos.
  5093 | D:5      | Became a worshipper of Beogh the Brigand
  5093 | D:5      | Reached * piety under Beogh
  5093 | D:5      | Reached ** piety under Beogh
  5271 | D:6      | Reached XP level 8. HP: 61/79 MP: 8/8
  5881 | D:6      | Reached skill level 10 in Fighting
  5884 | D:6      | Found a blossoming altar of Fedhas.
  5886 | D:6      | Found an ancient bone altar of Kikubaaqudgha.
  5967 | D:6      | Got an encrusted scale mail
  5978 | D:6      | Identified the +5 scale mail of the Harvest {Harm Rampage
                  | rPois} (You found it on level 6 of the Dungeon)
  6135 | D:6      | Reached skill level 11 in Axes
  6160 | D:6      | Reached XP level 9. HP: 85/85 MP: 9/9
  6239 | D:6      | Reached *** piety under Beogh
  6495 | D:6      | Found a basalt altar of Yredelemnul.
  6797 | D:7      | Found an ornate altar of the Wu Jian Council.
  7377 | D:7      | Noticed Joseph
  7393 | D:7      | Killed Joseph
  7730 | D:7      | Found a bloodstained altar of Trog.
  7762 | D:7      | Reached skill level 1 in Invocations
  7765 | D:7      | Gained Blodwig as an ally
  7766 | D:7      | Reached XP level 10. HP: 29/94 MP: 6/10
  8313 | D:7      | Reached **** piety under Beogh
  8945 | D:8      | Found a stormy altar of Qazlal.
  9303 | D:8      | Reached skill level 12 in Axes
  9634 | D:9      | Found a broken altar of Ashenzari.
  9999 | D:9      | Gained Gorbash as an ally
 10004 | D:9      | Found a radiant altar of Vehumet.
 10116 | D:10     | Entered Level 10 of the Dungeon
 10259 | D:10     | Reached skill level 10 in Armour
 10269 | D:10     | Your ally Gorbash died
 10297 | D:10     | Noticed an obsidian statue
 10740 | D:10     | Noticed an orange demon
 10742 | D:10     | Noticed a smoke demon
 10748 | D:10     | Reached skill level 5 in Invocations
 10754 | D:10     | HP: 4/96 [burnt (7)]
 10756 | D:10     | Noticed a rust devil
 11124 | D:11     | Noticed an ice statue
 11151 | D:11     | Found Eteih's Book Emporium.
 11161 | D:11     | Bought a book of Geomancy for 420 gold pieces
 11167 | D:11     | Learned a level 5 spell: Lee's Rapid Deconstruction
 11264 | D:11     | Noticed an unseen horror
 11276 | D:11     | Killed an unseen horror
 11277 | D:11     | Reached XP level 11. HP: 88/104 MP: 13/15
 11282 | D:11     | Reached skill level 1 in Earth Magic
 11313 | D:11     | Noticed a two-headed ogre
 11315 | D:11     | Noticed a boulder beetle
 11321 | D:11     | Reached ***** piety under Beogh
 11323 | D:11     | Killed a two-headed ogre
 11349 | D:11     | Killed a boulder beetle
 11351 | D:11     | HP: 10/104 [yak (8)]
 11736 | D:11     | Found a staircase to the Lair.
 12030 | D:11     | Noticed an unseen horror
 12035 | D:11     | Killed an unseen horror
 12036 | D:11     | Reached skill level 13 in Axes
 12066 | D:11     | Noticed a green ugly thing
 12073 | D:11     | Killed a green ugly thing
 12122 | D:11     | Noticed an obsidian statue
 12169 | D:11     | Noticed a boulder beetle
 12180 | D:11     | Killed a boulder beetle
 12399 | D:12     | Noticed an unseen horror
 12414 | D:12     | Killed an unseen horror
 12505 | D:12     | Noticed a skeletal warrior
 12505 | D:12     | Noticed a skeletal warrior
 12507 | D:12     | Noticed a skeletal warrior
 12513 | D:12     | Killed a skeletal warrior
 12517 | D:12     | Killed a skeletal warrior
 12517 | D:12     | HP: 6/105 [skeletal warrior/+2 dire flail of venom[a
                  | skeletal warrior] (25)]
 12518 | D:12     | Killed a skeletal warrior
 12519 | D:12     | Reached XP level 12. HP: 7/113 MP: 17/17
 12527 | D:12     | Your ally Blodwig died
 12839 | D:12     | Found a large runed translucent door.
 12840 | D:12     | Found a large runed translucent door.
 12841 | D:12     | Noticed Nyg Tys's ghost (journeyman MiBe)
 12924 | D:12     | Killed Nyg Tys's ghost
 13378 | D:12     | Noticed an eight-headed hydra
 13384 | D:12     | Killed an 11-headed hydra
 13467 | D:12     | Found a staircase to the Orcish Mines.
 14276 | Lair:1   | Entered Level 1 of the Lair of Beasts
 14347 | Lair:1   | Gained Bogwald as an ally
 14348 | Lair:1   | Reached skill level 5 in Earth Magic
 14543 | Lair:1   | Reached skill level 14 in Axes
 15649 | Lair:2   | Found a gate leading to a gauntlet.
 15658 | Lair:2   | Noticed a seven-headed hydra
 15664 | Lair:2   | Killed an 11-headed hydra
 15925 | Gauntlet | Entered a Gauntlet
 15925 | Gauntlet | Found a transporter.
 15925 | Gauntlet | Found a runed translucent door.
 15926 | Gauntlet | Found a runed translucent door.
 15935 | Gauntlet | Found a transporter.
 15938 | Gauntlet | Found a transporter.
 15939 | Gauntlet | Found a transporter.
 16016 | Lair:2   | Reached XP level 13. HP: 114/122 MP: 20/20
 16054 | Lair:2   | Found a staircase to the Snake Pit.
 16479 | Lair:2   | Noticed Fannar
 16489 | Lair:2   | Killed Fannar
 16973 | Lair:2   | Found the +8 whip "Snakebite" {curare, rPois}
 17472 | Lair:3   | Reached ****** piety under Beogh
 17473 | Lair:3   | Reached skill level 10 in Invocations
 17736 | Lair:3   | Gained Berold as an ally
 17759 | Lair:3   | Gained Learuk as an ally
 17766 | Lair:3   | Gained Berold as an ally
 18006 | Lair:3   | Found a dark tunnel.
 18024 | Volcano  | Entered a volcano
 18460 | Lair:3   | Found a transporter.
 18460 | Lair:3   | Found a transporter.
 18461 | Lair:3   | Noticed Kubamp's ghost (journeyman DEAE)
 18485 | Lair:3   | Gained Oreg as an ally
 18653 | Lair:3   | Killed Kubamp's ghost
 18658 | Lair:3   | Reached skill level 15 in Axes
 20009 | Lair:4   | Found a staircase to the Swamp.
 20026 | Lair:4   | Identified a scroll of acquirement
 20026 | Lair:4   | Acquired the amulet of Judure Bail {Spirit Int+6}
 20724 | Lair:5   | Reached XP level 14. HP: 126/132 MP: 20/22
 20738 | Lair:5   | Your ally Berold died
 21008 | Lair:5   | Found a staircase to the Slime Pits.
 21724 | Lair:6   | Entered Level 6 of the Lair of Beasts
 21750 | Lair:6   | Your ally Learuk died
 21796 | Lair:6   | Gained Orgrim as an ally
 21913 | Lair:6   | Reached skill level 16 in Axes
 22932 | Lair:6   | Reached skill level 15 in Fighting
 23025 | Lair:6   | Reached skill level 17 in Axes
 23053 | Lair:6   | Reached XP level 15. HP: 113/141 MP: 21/24
 23668 | Orc:1    | Entered Level 1 of the Orcish Mines
 24078 | Orc:1    | Found a roughly hewn altar of Beogh.
 24105 | Orc:1    | Found a roughly hewn altar of Beogh.
 24802 | Orc:2    | Entered Level 2 of the Orcish Mines
 24845 | Orc:2    | Found a staircase to the Elven Halls.
 24931 | Orc:2    | Gained Wardok as an ally
 25052 | Orc:2    | Found a roughly hewn altar of Beogh.
 25070 | Orc:2    | Found Wejus's Gadget Boutique.
 25088 | Orc:2    | Found Mextus's General Store.
 25094 | Orc:2    | Bought a scroll of identify for 22 gold pieces
 25595 | Orc:2    | Found Geexzomn's Antique Armour Shoppe.
 25599 | Orc:2    | Bought a pair of glowing boots for 247 gold pieces
 25599 | Orc:2    | Bought a heavily runed helmet for 313 gold pieces
 25599 | Orc:2    | Bought a dull robe for 188 gold pieces
 25599 | Orc:2    | Bought a pair of runed gloves for 247 gold pieces
 25611 | Orc:2    | Identified the +0 helmet of Lethargy {rF+ rC++ Int+3
                  | Stlth+} (You bought it in a shop on level 2 of the Orcish
                  | Mines)
 25621 | Orc:2    | Identified the +1 robe of Bad Feelings {Rampage MR+ MP+9
                  | Int+7} (You bought it in a shop on level 2 of the Orcish
                  | Mines)
 25780 | Orc:2    | Found Wadocwiw's Gadget Emporium.
 25782 | Orc:2    | Gained Orkwin as an ally
 25795 | Orc:2    | Found Ijopreph's Assorted Antiques.
 25804 | Orc:2    | Bought a potion of curing for 75 gold pieces
 25804 | Orc:2    | Bought 2 scrolls labelled ISOCEUJU DUDI for 50 gold pieces
 25804 | Orc:2    | Bought a scroll of identify for 50 gold pieces
 25804 | Orc:2    | Bought 3 scrolls of identify for 150 gold pieces
 25804 | Orc:2    | Bought a scroll of remove curse for 75 gold pieces
 25804 | Orc:2    | Bought a runed battleaxe for 237 gold pieces
 27966 | D:13     | Gained Gorm as an ally
 28115 | D:13     | Your ally Orkwin died
 28601 | D:13     | Gained Judas as an ally
 28703 | D:14     | HP: 7/141 [cyclops/large rock (23)]
 28704 | D:14     | HP: 2/141 [centaur warrior/arrow (5)]
 28704 | D:14     | Your ally Wardok died
 28721 | D:14     | Gained Grimold as an ally
 28723 | D:14     | Reached skill level 18 in Axes
 28723 | D:14     | Gained Zorug as an ally
 28728 | D:14     | Noticed Azrael
 28733 | D:14     | Killed Azrael
 28753 | D:14     | Noticed Kirke
 28757 | D:14     | Killed Kirke
 28771 | D:14     | Noticed Urug
 28778 | D:14     | Killed Urug
 28807 | D:14     | Your ally Judas died
 28808 | D:14     | Found a gate to the Vaults.
 28880 | D:14     | Noticed Nessos
 28883 | D:14     | Killed Nessos
 30160 | D:15     | Entered Level 15 of the Dungeon
 30341 | D:15     | Reached XP level 16. HP: 130/151 MP: 21/26
 30364 | D:15     | Reached skill level 19 in Axes
 30371 | D:15     | Gained Gorm as an ally
 30577 | D:15     | Found a staircase to the Depths.
 30754 | D:15     | Found Iti Bulu's Magic Scroll Shoppe.
 30760 | D:15     | Bought a scroll of blinking for 127 gold pieces
 31076 | Swamp:1  | Entered Level 1 of the Swamp
 31145 | Swamp:1  | Your ally Bogwald died
 31147 | Swamp:1  | Your ally Grimold died
 31325 | Swamp:1  | Gained Boruk as an ally
 31685 | Swamp:1  | You fall into a shaft and drop 1 floor!
 32546 | Swamp:2  | Noticed Frances
 32554 | Swamp:2  | Your ally Oreg died
 32554 | Swamp:2  | Killed Frances
 33600 | Swamp:3  | Reached skill level 15 in Armour
 33627 | Swamp:3  | Noticed a thorn hunter
 33643 | Swamp:3  | Killed a thorn hunter
 33673 | Swamp:3  | Your ally Zorug died
 33728 | Swamp:3  | Reached skill level 20 in Axes
 34528 | Swamp:4  | Entered Level 4 of the Swamp
 34556 | Swamp:4  | Noticed a thorn hunter
 34559 | Swamp:4  | Noticed Bai Suzhen
 34562 | Swamp:4  | Your ally Gorm died
 34565 | Swamp:4  | Reached XP level 17. HP: 19/160 MP: 17/28
 34567 | Swamp:4  | Reached skill level 15 in Invocations
 34569 | Swamp:4  | Your ally Berold died
 34569 | Swamp:4  | Your ally Gorm died
 34572 | Swamp:4  | Your ally died
 34573 | Swamp:4  | HP: 14/160 [ghost crab] (7)]
 34574 | Swamp:4  | HP: 5/160 [six-headed hydra (8)]
 34575 | Swamp:4  | Demolished by a six-headed hydra

Illustrated notes

Levels and vault maps discovered:
D:1:      wander_arrival_peaceful_grave, layout_basic
D:2:      layout_loops_cross
D:3:      layout_basic, gammafunk_temple_overflow_statue, serial_forest,
          infiniplex_forest_clump_medium, infiniplex_forest_clump_diagonal,
          infiniplex_forest_straight_5, infiniplex_forest_clump_small,
          infiniplex_forest_lined_room_, infiniplex_forest_clump_small,
          infiniplex_forest_clump_curved, cheibriados_altar_1, uniq_jessica,
          uniq_grinder
D:4:      layout_rooms, kennysheep_little_box, kennysheep_mini_moat,
          minmay_temple_entry_stoned_glass, hangedman_decor_peaks_small,
          minmay_ruptured
D:5:      layout_basic, nicolae_ru_great_annihilating_truth,
          lemuel_crystal_altar, serial_rivers, chequers_serial_rivers_micro_a,
          chequers_serial_rivers_marsh, chequers_serial_rivers_micro_b,
          chequers_serial_rivers_room_a
D:6:      cheibrodos_barr_body, layout_cave_pools,
          grunt_temple_overflow_growth_and_decay,
          yredelemnul_forgotten_temple_becter, skrybe_limestone_x,
          minmay_lizard_king
D:7:      minmay_bubble_buster, layout_loops_ring, lemuel_round_altar,
          trog_ov_bears_minmay, uniq_joseph
D:8:      layout_gridville, minivault_21, minivault_24, hangedman_decor_lopped,
          lemuel_centaur_altar
D:9:      layout_cave_pools, marbit_many_paths, evilmike_ruin_ashenzari
D:10:     layout_cave_pods, minmay_statue_bubble
D:11:     minmay_separated_statues, layout_small_grid,
          due_lair_maze_entry_diamond, serial_shops, shop_fountains
D:12:     layout_small_grid, david_orc_4, ebering_ghost_disaster_area,
          portal_ice_cave_entry_pillars_1
D:13:     layout_basic
D:14:     layout_rooms, david_vaults_3, uniq_kirke, uniq_azrael
D:15:     gammafunk_depths_entry_grave, layout_cave_pools,
          minmay_misc_feat_roman, serial_shops, nicolae_shop_waterfront
Lair:1:   layout_long_grid, chequers_serial_rivers_marsh
Lair:2:   minmay_guarded_unrand_snakebite, layout_gridlike,
          minmay_snake_entry_guardpost_medium, gauntlet_entry_generic,
          wad_woods_02, uniq_fannar
Lair:3:   layout_roguey, gammafunk_ghost_arena, enter_volcano_3, st_stairs_10,
          chequers_serial_rivers_small_3, zaba_anthell
Lair:4:   layout_regular_city, minmay_swamp_entry_worms, columned_hall_lemuel
Lair:5:   layout_regular_city, minmay_slime_entry_pillars, lemuel_fruit_fields
Lair:6:   evilmike_catoblepas_cave, layout_loops_ring, disabler_island,
          lemuel_fruit_tree, lemuel_fruit_fields
Swamp:1:  layout_falls_marsh, nicolae_swamp_feature_on_the_river_bank,
          swamp_pool5, nicolae_swamp_rocky_clearing
Swamp:2:  layout_falls_marsh, nicolae_swamp_dense_foliage, swamp_pool5,
          uniq_frances
Swamp:3:  layout_basic_swamp, hangedman_swamp_ruin_wall, swamp_pool5,
          infiniplex_staircase_pool
Swamp:4:  swamp_alternative, layout_basic_swamp, gammafunk_ghost_arena,
          uniq_bai_suzhen
Orc:1:    layout_diamond_mine, basic_altar, nicolae_orc_lost_temple
Orc:2:    st_orc_town, layout_caves, serial_shops, shop, guppyfry_orc_lava_fort

Skill      XL: |  1  2  3  4  5  6  7  8  9 10 11 12 13 14 15 16 17 |
---------------+----------------------------------------------------+-----
Armour         | 1 2 7 8 9 10 11 12 13 14 15 | 15.2
Fighting       | 4 9 10 11 12 13 14 15 16 | 16.9
Axes           | 9 10 11 12 13 14 15 17 18 20 | 20.4
Conjurations   | 1 3 4 |  4.0
Invocations    | 1 5 7 9 11 12 13 14 15 | 15.0
Earth Magic    | 3 6 7 8 |  8.0
Dodging        | |  2.4
Stealth        | |  1.5

Action                   |  1- 3 |  4- 6 |  7- 9 | 10-12 | 13-15 | 16-18 || total
-------------------------+-------+-------+-------+-------+-------+-------++-------
Melee: Hand axe          |   115 |   121 |   483 |    66 |       |       ||   785
       Battleaxe         |       |       |       |   370 |   599 |   209 ||  1178
       Unarmed           |       |       |       |       |     1 |       ||     1
Throw: Javelin           |       |     2 |     4 |       |       |       ||     6
 Cast: Magic Dart        |       |       |     5 |     1 |       |       ||     6
       Lee's Rapid Decon |       |       |       |       |     7 |       ||     7
Invok: Convert to Beogh  |       |       |     1 |       |       |       ||     1
       Smiting           |       |       |     3 |    10 |     8 |     5 ||    26
       Recall Orcish Fol |       |       |       |     2 |     4 |     6 ||    12
       Give Item to Name |       |       |       |     2 |     9 |     2 ||    13
       Resurrection      |       |       |       |       |     1 |       ||     1
Evoke: Wand              |       |       |       |     1 |       |       ||     1
  Use: Potion            |       |     5 |     2 |     3 |     6 |     5 ||    21
       Scroll            |       |     2 |     1 |    19 |    27 |     7 ||    56
 Stab: Sleeping          |     6 |     5 |       |       |       |       ||    11
       Distracted        |       |     1 |       |    12 |     7 |     2 ||    22
       Paralysed         |       |       |     1 |     3 |       |       ||     4
       Confused          |       |       |       |     1 |       |     1 ||     2
Armor: Robe              |     2 |     6 |    10 |       |       |       ||    18
       Leather armour    |    22 |    28 |       |       |       |       ||    50
       Skin              |       |     5 |       |       |       |       ||     5
       Chain mail        |       |       |    86 |       |       |       ||    86
       Scale mail        |       |       |   138 |   241 |   281 |   136 ||   796
Dodge: Dodged            |    66 |    88 |   205 |   374 |   420 |   134 ||  1287

Table legend: (Time is in decaauts)
 A = Elapsed time spent in this place.
 B = Non-inter-level travel time spent in this place.
 C = Inter-level travel time spent in this place.
 D = Time resting spent in this place.
 E = Time spent auto-exploring this place.
 F = Levels seen in this place.
 G = Mean time per level.
                   A        B        C        D        E       F      G
               +--------+--------+--------+--------+--------+-----+--------+
         Total |  35166 |  34113 |   1053 |   7000 |  20431 |  29 | 1212.6 |
       Dungeon |  19194 |  18667 |    527 |   4091 |  10642 |  15 | 1279.6 |
          Lair |   9289 |   8949 |    340 |   2519 |   4886 |   6 | 1548.2 |
         Swamp |   4229 |   4100 |    129 |     23 |   3502 |   4 | 1057.2 |
  Orcish Mines |   2256 |   2200 |     56 |    300 |   1400 |   2 | 1128.0 |
       Volcano |    167 |    167 |      0 |     67 |      0 |   1 |  167.0 |
      Gauntlet |     29 |     29 |      0 |      0 |      0 |   1 |   29.0 |
               +--------+--------+--------+--------+--------+-----+--------+

Top non-repeatable levels by time:
    D:11: 2088 daAuts
    D:12: 2022 daAuts
    D:10: 2015 daAuts
  Lair:3: 1942 daAuts
     D:7: 1894 daAuts
  Lair:2: 1818 daAuts
  Lair:6: 1775 daAuts
 Swamp:1: 1677 daAuts
     D:5: 1595 daAuts
    D:14: 1467 daAuts
 Swamp:3: 1465 daAuts
  Lair:1: 1437 daAuts
     D:1: 1302 daAuts
  Lair:4: 1202 daAuts
   Orc:1: 1169 daAuts
